 Dungeon Crawl Stone Soup version 0.28.0-43-g3370ac3207 (webtiles) character file.

Game seed: 10312965029793820638

91 Zeld the Gusty (level 4, 0/24 HPs)
             Began as a Tengu Air Elementalist on Apr 1, 2022.
             Shot with an arrow by a centaur (8 damage)
             ... on level 3 of the Dungeon.
             The game lasted 00:03:30 (2851 turns).

Zeld the Gusty (Tengu Air Elementalist)             Turns: 2851, Time: 00:03:31

Health: 0/24       AC:  2    Str:  8    XL:     4   Next: 57%
Magic:  5/9        EV: 12    Int: 23    God:
Gold:   90         SH:  0    Dex: 14    Spells: 2/8 levels left

rFire   + . .      SeeInvis .   a - +10 scimitar of Xiugyng {venom, Drain rF+ Int+5}
rCold   . . .      Faith    .   (no shield)
rNeg    . . .      Spirit   .   d - +0 robe
rPois   .          Reflect  .   (helmet restricted)
rElec   .          Harm     .   (no cloak)
rCorr   .          Rampage  .   (no gloves)
Will    .....                   (boots unavailable)
Stlth   +.........              (no amulet)
HPRegen 0.08/turn               (no ring)
MPRegen 0.11/turn               (no ring)

@: lethally poisoned (0 -> -3), very slow
A: beak, talons 3
a: no special abilities


You were on level 3 of the Dungeon.
You visited 1 branch of the dungeon, and saw 3 of its levels.

You collected 90 gold pieces.

Inventory:

Hand Weapons
 a - the +10 scimitar of Xiugyng (weapon) {venom, Drain rF+ Int+5}
   (You found it on level 3 of the Dungeon)

   It poisons the flesh of those it strikes.
   Int:       It affects your intelligence (+5).
   rF:        It protects you from fire.
   Drain:     It drains your maximum health when unequipped.
Armour
 d - a +0 robe (worn)
Scrolls
 b - a scroll of holy word {unknown}
 c - a scroll of enchant armour
 e - a scroll of identify {unknown}
 g - a scroll of blinking {unknown}
 j - a scroll of teleportation {unknown}
Potions
 f - a potion of curing {unknown}
 h - a potion of resistance {unknown}
 i - a potion of brilliance {unknown}
 k - a potion of haste {unknown}


   Skills:
 + Level 2.6 Dodging
 + Level 2.6 Stealth
 * Level 2.9 Spellcasting
 + Level 2.2 Conjurations
 * Level 5.0 Air Magic


You had 2 spell levels left.
You knew the following spells:

 Your Spells              Type           Power      Damage    Failure   Level
a - Shock                 Conj/Air       80%        1d8       2%          1
b - Static Discharge      Conj/Air       20%        N/A       4%          2
c - Swiftness             Air            26%        N/A       4%          3

Your spell library contained the following spells:

 Spells                   Type           Power      Damage    Failure   Level
 Airstrike                Air            13%        N/A       14%         4


Dungeon Overview and Level Annotations

Branches:
Dungeon (3/15)

Altars:
Makhleb

Shops:
D:3 [


Innate Abilities, Weirdness & Mutations

You have a beak for a mouth.
You have claws for feet.


Message History

A rat comes into view.
You see here a rat corpse.
The orc shouts!
You hear a shout! x2
The adder bites you but does no damage.
An adder comes into view.
A rat comes into view.
The adder bites you.
You enter the shallow water.
Moving in this stuff is going to be slow.
An orc comes into view. It is wielding a +0 whip.
The adder bites you.
You are poisoned.
The adder poisons you! The adder barely misses you. The adder misses you.
The adder closely misses you. The adder bites you.
The adder closely misses you.
Casting: Shock (safe; 2% risk of failure)
Confirm with . or Enter, or press ? or * to list all spells.
The adder is struck by an arc of lightning.
The adder is heavily wounded.
The orc is struck by an arc of lightning!
The orc is almost dead.
The lightning grounds out.
You feel sick. The adder barely misses you. x3
An orc comes into view. It is wielding a +0 club.
Unknown command.
Unknown command.
Casting: Static Discharge (safe; 4% risk of failure)
Confirm with . or Enter, or press ? or * to list all spells.
The adder is struck by an arc of lightning!
The adder is heavily wounded.
You are struck by an arc of lightning.
The lightning grounds out.
The adder is struck by an arc of lightning!
The adder is severely wounded.
The rat is struck by an arc of lightning!
You kill the rat!
The lightning grounds out.
The centaur shouts!
You feel sick. The adder closely misses you.
The adder bites you but does no damage. The adder bites you.
An adder comes into view.
The centaur shoots an arrow.
The arrow hits you!
You die...

#### .... .o... #### ###...
#≈≈.... #≈r≈o.# #≈#...# .#
#≈≈≈..# .# #≈#≈So# ##.#
#≈≈S@.# #.. #S#S..## #.# ####
#≈†..##. ##.# ...# #....##.
#..### ...#####
###....##.###<#..#
.......######...............<#
.....(.#.......######.###..###
#........###.c.######..##..#
...>###### #.#.........#.g.#


You could see a centaur, 4 adders, 3 orcs and a rat.

Vanquished Creatures
  2 adders
  A worm (D:3)
  4 dart slugs
  2 orcs (D:3)
  2 ball pythons (D:2)
  5 endoplasms
  6 giant cockroaches
  5 goblins
  9 hobgoblins
  6 quokkas
  3 bats
  2 frilled lizards (D:2)
  5 rats
52 creatures vanquished.

Notes
Turn   | Place    | Note
-------+----------+-------------------------------------------
     0 | D:1      | Zeld the Tengu Air Elementalist began the quest for the
                  | Orb.
     0 | D:1      | Reached XP level 1. HP: 10/10 MP: 4/4
   238 | D:1      | Found a faded altar of an unknown god.
   440 | D:1      | Reached XP level 2. HP: 15/15 MP: 3/6
  1030 | D:1      | Reached XP level 3. HP: 14/19 MP: 0/7
  1033 | D:1      | Learned a level 2 spell: Static Discharge
  1037 | D:1      | Learned a level 3 spell: Swiftness
  1880 | D:2      | Reached XP level 4. HP: 17/24 MP: 0/9
  2489 | D:3      | Found Ihogeh's Antique Armour Shoppe.
  2503 | D:3      | Noticed a centaur
  2677 | D:3      | Identified the +10 scimitar of Xiugyng {venom, Drain rF+
                  | Int+5}
  2700 | D:3      | Found a burning altar of Makhleb.
  2839 | D:3      | Reached skill level 5 in Air Magic
  2851 | D:3      | Shot with an arrow by a centaur

Illustrated notes

Levels and vault maps discovered:
D:1:      shiori_arrival_elements, layout_rooms,
          chequers_ecumenical_altar_simple, minivault_4, chequers_mini_garden,
          minmay_misc_feat_secret_circle, hangedman_feature_mirror
D:2:      layout_rooms, minmay_misc_feat_tiny
D:3:      layout_rooms, demons_altar, mainiacjoe_overflow_boulevard,
          lightli_sewer_entry_pipes, serial_shops, shop

Skill      XL: |  1  2  3  4 |
---------------+-------------+-----
Conjurations   | 2 |  2.2
Air Magic      | 5 |  5.0
Dodging        | |  2.6
Stealth        | |  2.6
Spellcasting   | |  2.9

Action                   |  1- 3 |  4- 6 || total
-------------------------+-------+-------++-------
Melee: Unarmed           |    40 |       ||    40
       Kick              |     9 |       ||     9
       Peck              |     3 |     2 ||     5
       Scimitar          |       |     9 ||     9
 Cast: Shock             |    83 |    26 ||   109
       Static Discharge  |       |     2 ||     2
  Use: Scroll            |       |     2 ||     2
Armor: Robe              |    17 |     3 ||    20
Dodge: Dodged            |    45 |    18 ||    63
